 Dungeon Crawl Stone Soup version 0.28-a0-1199-gef9e1dbd39 (webtiles) character file.

Game seed: 8798713985237784807

774 ChaosChampion the Insei (level 7, -1/53 HPs)
             Began as a Grey Draconian Transmuter on Dec 19, 2021.
             Was a Follower of Okawaru.
             Succumbed to a water moccasin's poison
             ... on level 5 of the Dungeon.
             The game lasted 00:05:43 (4612 turns).

ChaosChampion the Insei (Grey Draconian Transmuter) Turns: 4612, Time: 00:05:44

Health: -1/53      AC: 11    Str: 10 (12) XL:     7   Next: 53%
Magic:  19/19      EV: 12    Int: 12 (15) God:    Okawaru [*.....]
Gold:   165        SH:  0    Dex:  9 (12) Spells: 5/10 levels left

rFire   . . .      SeeInvis .     - Unarmed
rCold   . . .      Faith    .   (no shield)
rNeg    . . .      Spirit   .   (armour unavailable)
rPois   .          Reflect  .   (helmet restricted)
rElec   .          Harm     .   (no cloak)
rCorr   .          Rampage  .   (no gloves)
Will    .....                   (no boots)
Stlth   +.........              (no amulet)
HPRegen 0.17/turn               m - ring of magical power
MPRegen 0.16/turn               (no ring)

@: lethally poisoned (-1 -> -16), attractive, flying, studying Axes
A: AC +11, amphibious, unfitting armour, cold-blooded
a: Renounce Religion, Heroism


You were on level 5 of the Dungeon.
You worshipped Okawaru.
Okawaru was aware of your devotion.
You visited 1 branch of the dungeon, and saw 5 of its levels.

You collected 165 gold pieces.

Inventory:

Jewellery
 g - a ring of ice
 m - a ring of magical power (left hand)
Scrolls
 a - 7 scrolls of identify {unknown}
 b - 2 scrolls of teleportation {unknown}
 c - a scroll of enchant weapon {unknown}
 e - a scroll of fog {unknown}
 f - 2 scrolls of summoning {unknown}
 h - a scroll of noise {unknown}
 k - a scroll of fear {unknown}
Potions
 l - 2 potions of lignification {unknown}


   Skills:
 + Level 1.7 Fighting
 + Level 2.2 Dodging
 * Level 7.1 Unarmed Combat
 + Level 2.4 Spellcasting
 + Level 4.8 Transmutations
 + Level 1.1 Invocations


You had 5 spell levels left.
You knew the following spells:

 Your Spells              Type           Power      Damage    Failure   Level
a - Beastly Appendage     Tmut           26%        N/A       3%          1
b - Wereblood             Tmut           13%        N/A       5%          2
z - Passwall              Tmut/Erth      5%         N/A       14%         2

Your spell library contained the following spells:

 Spells                   Type           Power      Damage    Failure   Level
 Sandblast                Erth           2%         2d4       26%         1
 Spider Form              Tmut/Pois      7%         N/A       28%         3
 Sublimation of Blood     Necr           1%         N/A       36%         2
 Stone Arrow              Conj/Erth      2%         3d7       61%         3
 Ice Form                 Ice/Tmut       7%         N/A       67%         4
 Petrify                  Tmut/Erth      7%         N/A       67%         4
 Irradiate                Conj/Tmut      3%         3d14      95%         5


Dungeon Overview and Level Annotations

Branches:
Dungeon (5/15)
 Temple: D:4-7

Altars:
Okawaru


Innate Abilities, Weirdness & Mutations

Your dull iron-grey scales are very hard. (AC +11)
You are amphibious.
You cannot fit into any form of body armour.
You are cold-blooded and may be slowed by cold attacks.


Message History

You barely miss the water moccasin.
The water moccasin is lightly wounded.
You feel very sick. The water moccasin bites you.
You punch the water moccasin!
The water moccasin is heavily wounded.
Your primal bloodlust has ended.
You feel very sick.
The water moccasin bites you but does no damage.
You are too injured to fight recklessly!
You are too injured to fight recklessly!
You are too injured to fight recklessly!
You are too injured to fight recklessly!
You miss the water moccasin.
The water moccasin is heavily wounded.
You feel very sick. The water moccasin misses you.
You barely miss the water moccasin.
The water moccasin is heavily wounded.
You feel very sick. The water moccasin bites you.
* * * LOW HITPOINT WARNING * * *
You are lethally poisoned!
The water moccasin poisons you!
It was a potion of degeneration.
There was something very wrong with that liquid.
You feel weakened.
You feel dopey.
You feel clumsy.
* * * LOW HITPOINT WARNING * * *
You feel very sick. The water moccasin barely misses you.
The water moccasin bites you.
* * * LOW HITPOINT WARNING * * *
It was a potion of attraction.
You feel attractive to monsters.
* * * LOW HITPOINT WARNING * * *
You feel very sick.
The water moccasin bites you but does no damage.
It was a potion of flight.
You feel very buoyant.
You fly up into the air.
You die...

. #.......... ...#
#.......... ...#
#.......... ##### ...#
#.......... #...# ...#
##### #........ #...#
...###...####....(. #...#
.....#...#.....########...#
...#............@S...†.<..#
................#######...#
..........#.##### #...#
.............. #...#
.......##...##.. #...#
........#...# .. #####
.##..#........ .
.....#........ ..#........


You could see a water moccasin.

Vanquished Creatures
  Grinder (D:3)
  A black bear (D:4)
  2 phantoms (D:5)
  A water moccasin skeleton (D:4)
  2 hounds
  An orc priest (D:4)
  Jessica (D:3)
  An iguana (D:4)
  3 hound skeletons
  A gnoll (D:5)
  2 worms
  3 dart slugs (D:2)
  17 orcs
  7 endoplasms
  4 giant cockroaches
  7 goblins
  8 hobgoblins
  4 jackals (D:2)
  3 quokkas
  5 ball pythons
  A bat (D:3)
  2 frilled lizards
  8 kobolds
  2 rats
87 creatures vanquished.

Notes
Turn   | Place    | Note
-------+----------+-------------------------------------------
     0 | D:1      | ChaosChampion the Draconian Transmuter began the quest for
                  | the Orb.
     0 | D:1      | Reached XP level 1. HP: 16/16 MP: 3/3
   591 | D:1      | Reached XP level 2. HP: 20/23 MP: 3/5
   648 | D:1      | Learned a level 2 spell: Wereblood
   651 | D:1      | Learned a level 2 spell: Passwall
   708 | D:1      | Found a faded altar of an unknown god.
  1230 | D:2      | Reached XP level 3. HP: 28/28 MP: 2/6
  1311 | D:2      | Reached skill level 4 in Unarmed Combat
  1478 | D:2      | Found an iron altar of Okawaru.
  1492 | D:2      | Became a worshipper of Warmaster Okawaru
  2060 | D:3      | Noticed Jessica
  2071 | D:3      | Killed Jessica
  2072 | D:3      | Reached XP level 4. HP: 30/35 MP: 3/7
  2280 | D:3      | Noticed Grinder
  2306 | D:3      | Paralysed by Grinder for 7 turns
  2326 | D:3      | Paralysed by Grinder for 3 turns
  2343 | D:3      | Killed Grinder
  2344 | D:3      | Reached skill level 5 in Unarmed Combat
  2344 | D:3      | Reached XP level 5. HP: 5/40 MP: 8/8
  2344 | D:3      | Reached XP level 6. HP: 6/47 MP: 9/9
  3048 | D:4      | Reached skill level 6 in Unarmed Combat
  3521 | D:4      | Reached * piety under Okawaru
  3766 | D:4      | Your scales start taking on a dull iron-grey colour.
  3766 | D:4      | Reached XP level 7. HP: 32/52 MP: 7/10
  4241 | D:5      | Entered Level 5 of the Dungeon
  4598 | D:5      | Reached skill level 7 in Unarmed Combat
  4605 | D:5      | Reached skill level 1 in Invocations
  4612 | D:5      | Succumbed to a water moccasin's poison

Illustrated notes

Levels and vault maps discovered:
D:1:      sevenhm_arrival_forest_fort_large_4, layout_basic,
          hellmonk_ecumenical_altar_prayer_group
D:2:      layout_rooms, basic_altar
D:3:      layout_loops_corners, hangedman_decor_opposing, uniq_grinder,
          uniq_jessica
D:4:      minmay_opposing_rooms, layout_basic, minmay_manual_maat
D:5:      layout_rooms, minmay_temple_entry_waves

Skill      XL: |  1  2  3  4  5  6  7 |
---------------+----------------------+-----
Unarmed Combat | 4 5 6 7 |  7.1
Transmutations | 3 4 |  4.8
Dodging        | 2 |  2.2
Invocations    | 1 |  1.1
Fighting       | |  1.7
Spellcasting   | |  2.4

Action                   |  1- 3 |  4- 6 |  7- 9 || total
-------------------------+-------+-------+-------++-------
Melee: Unarmed           |    94 |    81 |    74 ||   249
       Tailslap          |     8 |     9 |     3 ||    20
       Kick              |    15 |    18 |     5 ||    38
       Headbutt          |     7 |    14 |     9 ||    30
       Punch             |     3 |     1 |     1 ||     5
 Cast: Beastly Appendage |    25 |    14 |     5 ||    44
       Wereblood         |    10 |     5 |     4 ||    19
  Use: Potion            |       |     5 |     3 ||     8
 Stab: Sleeping          |       |     2 |       ||     2
Armor: Skin              |    23 |    45 |    45 ||   113
Dodge: Dodged            |    56 |    72 |    54 ||   182

Table legend: (Time is in decaauts)
 A = Elapsed time spent in this place.
 B = Non-inter-level travel time spent in this place.
 C = Inter-level travel time spent in this place.
 D = Time resting spent in this place.
 E = Time spent auto-exploring this place.
 F = Levels seen in this place.
 G = Mean time per level.
                   A        B        C        D        E       F      G
               +--------+--------+--------+--------+--------+-----+--------+
         Total |   4592 |   4454 |    138 |    208 |   3545 |   5 |  918.4 |
       Dungeon |   4592 |   4454 |    138 |    208 |   3545 |   5 |  918.4 |
               +--------+--------+--------+--------+--------+-----+--------+

Top non-repeatable levels by time:
     D:4: 1454 daAuts
     D:3: 1352 daAuts
     D:1: 849 daAuts
     D:2: 823 daAuts
     D:5: 112 daAuts
